AoeStats
← romagus92

Black Forest

506382481Analyzed
1v1 RM · 19d ago on Sep 13, 2026· 53m 18s· 2 players
Game mode
Random Map
Map size
Tiny (2 player)
Population
200
Speed
Normal
Resources
Standard
Victory
Conquest
Starting age
Dark Age
Ending age
Imperial Age
RankedLock teamsTeams togetherTeam positionsShared explorationLock speedFull tech treeHidden civsTurbo modeCheats
Victory
Defeat
🇹🇼 Dravidians · Taiwan
1015
+15
🇵🇾 Maya · Paraguay
995
-15
romagus92
0:26 Loom
11:52 Feudal Age
14:34 Wheelbarrow
13:47 Double-Bit Axe
17:29 Horse Collar
19:00 Fletching
19:21 Forging
22:41 Castle Age
22:55 Crossbowman
24:18 Hand Cart
24:16 Bow Saw
24:04 Bodkin Arrow
25:05 Padded Archer Armor
25:44 Heavy Plow
26:55 Stone Mining
29:49 Thumb Ring
30:55 Leather Archer Armor
31:16 Iron Casting
30:42 Scale Mail Armor
36:27 Imperial Age
34:42 Ballistics
34:51 Eagle Warrior
36:41 Arbalester
37:24 Bracer
38:44 Chemistry
39:46 Chain Mail Armor
39:50 Squires
41:49 Elite Eagle Warrior
若子熙
12:55 Feudal Age
13:56 Double-Bit Axe
14:11 Gold Mining
19:36 Castle Age
20:38 Bow Saw
22:37 Horse Collar
23:33 Fletching
25:31 Stone Mining
33:44 Imperial Age
31:03 Fishing Lines
32:21 Bodkin Arrow
32:26 Padded Archer Armor
32:36 Forging
32:27 Scale Mail Armor
33:41 Wheelbarrow
33:58 Heavy Plow
35:44 Two-Man Saw
35:21 Man-at-Arms
35:46 Gambesons
36:38 Iron Casting
36:18 Chain Mail Armor
36:04 Bracer
36:19 Leather Archer Armor
36:29 Long Swordsman
37:10 Squires
36:55 Arson
36:35 Elite Skirmisher
37:21 Thumb Ring
38:17 Gillnets
37:56 Two-Handed Swordsman
40:22 Blast Furnace
39:52 Plate Mail Armor
39:39 Champion
42:02 Chemistry
41:23 Ballistics
41:14 Masonry
41:39 Ring Archer Armor
44:31 Conscription
45:42 Wootz Steel
47:21 Murder Holes
50:40 Hand Cart
52:48 Hoardings
52:29 Fortified Wall
Connection lost

Rejoining the realm…

Still unreachable

The connection could not be restored.

Session expired

The server has moved on; the page needs a fresh start.